 Dungeon Crawl Stone Soup version 0.19-a0-981-gaae9137 (webtiles) character file.

61 matakusis the Ducker (level 3, -3/28 HPs)
             Began as a Demonspawn Gladiator on July 14, 2016.
             Slain by a hobgoblin (7 damage)
             ... led by Robin
             ... on level 2 of the Dungeon.
             The game lasted 00:02:46 (1238 turns).

matakusis the Ducker (Demonspawn Gladiator)         Turns: 1238, Time: 00:02:48

Health: -3/28      AC:  4    Str: 15    XL:     3   Next: 83%
Magic:  3/3        EV: 13    Int:  9    God:
Gold:   69         SH:  0    Dex: 14    Spells: 0 memorised, 2 levels left

rFire  . . .     SeeInvis .     a - +0 long sword
rCold  . . .     Gourm    .     b - +0 leather armour
rNeg   . . .     Faith    .     (no shield)
rPois  .         Spirit   .     c - +0 helmet
rElec  .         Dismiss  .     (no cloak)
rCorr  .         Reflect  .     (no gloves)
SustAt .         Harm     .     (no boots)
MR     .....                    (no amulet)
Stlth  +.........               (no ring)
                                (no ring)

@: not resistant to hostile enchantments, very unstealthy
A: claws 1, demonic guardian 1
a: no special abilities


You were on level 2 of the Dungeon.
You were not hungry.

You visited 1 branch of the dungeon, and saw 2 of its levels.

You collected 69 gold pieces.

Inventory:

Hand Weapons
 a - a +0 long sword (weapon)
Missiles
 d - 3 throwing nets (quivered)
Armour
 b - a +0 leather armour (worn)
 c - a +0 helmet (worn)
Scrolls
 g - a scroll of remove curse {unknown}
 h - a scroll of amnesia {unknown}
 j - a scroll of identify {unknown}
 l - a scroll of fear {unknown}
Potions
 e - a potion of resistance {unknown}
 i - a potion of mutation {unknown}
 k - a potion of cancellation {unknown}
Comestibles
 f - 2 bread rations
 m - 5 chunks of flesh


   Skills:
 * Level 2.6 Fighting
 + Level 3.2 Long Blades
 - Level 1.7 Throwing
 * Level 3.6 Dodging


You had 2 spell levels left.
You didn't know any spells.

Dungeon Overview and Level Annotations

Branches:
Dungeon (2/15)

Altars:


Innate Abilities, Weirdness & Mutations

You have sharp fingernails.
A weak demonic guardian rushes to your aid.


Message History

* * * LOW HITPOINT WARNING * * *
The goblin moves out of view.
Unknown command.
You slash Robin!
You kill Robin!
The goblin misses you.
The hobgoblin hits you but does no damage.
The goblin closely misses you.
You riposte.
You barely miss the goblin.
Unknown command.
You hit the goblin.
You kill the goblin!
The goblin barely misses you.
You riposte.
You slash the goblin!
You kill the goblin!
The hobgoblin closely misses you.
You riposte.
You hit the hobgoblin.
You kill the hobgoblin!
The goblin closely misses you.
A goblin comes into view.
The goblin barely misses you.
You riposte.
You closely miss the goblin. The hobgoblin hits you!
You die...

#############
#.......#..)######..
#....##.#).@gg......
#..#.......g##.###..
#....##.##### .#
#.#.###.# g#
#.#.###.# #
#.).....# #
#.......# #
##......# # #..##..#


You could see a hobgoblin and 2 goblins.

Vanquished Creatures
  Robin (D:2)
  An adder (D:2)
  A dart slug (D:1)
  3 giant geckos (D:1)
  2 giant cockroaches (D:1)
  5 goblins
  6 hobgoblins
  5 kobolds (D:1)
  2 ball pythons
  3 bats (D:1)
  A giant newt (D:1)
  4 rats (D:1)
34 creatures vanquished.

Vanquished Creatures (others)
  A goblin (D:2)
1 creature vanquished.

Grand Total: 35 creatures vanquished

Notes
Turn   | Place    | Note
-------+----------+-------------------------------------------
     0 | D:1      | matakusis the Demonspawn Gladiator began the quest for the Orb.
     0 | D:1      | Reached XP level 1. HP: 16/16 MP: 1/1
   409 | D:1      | Gained mutation: A weak demonic guardian rushes to your aid. [demonic ancestry]
   409 | D:1      | Reached XP level 2. HP: 7/22 MP: 2/2
  1071 | D:1      | Gained mutation: You have sharp fingernails. [demonic ancestry]
  1071 | D:1      | Reached XP level 3. HP: 28/28 MP: 3/3
  1228 | D:2      | Noticed Robin
  1236 | D:2      | Killed Robin
  1238 | D:2      | Slain by a hobgoblin

Vault maps used:
D:1:      lightli_arrival_boilingwater, minivault_23
D:2:      nemelex_xobeh_ov_fountains_minmay, lemuel_doored_altar, bloody_trog,
          gammafunk_temple_overflow_pools, first_bread, minmay_joined_circles,
          uniq_robin, uniq_sigmund

Skill      XL: |  1  2 |
---------------+-------+-----
Dodging        | 3 |  3.6
Long Blades    | 3 |  3.2
Fighting       | |  2.6
Throwing       | |  1.7

Action                   || total
-------------------------++-------
Melee: Long sword        ||   145
 Stab: Sleeping          ||     1
  Eat: Chunk             ||     1
Armor: Leather armour    ||    29
Dodge: Dodged            ||    95
